 Dungeon Crawl Stone Soup version 0.28-a0-819-g6ef7baa362 (webtiles) character file.

Game seed: 5835771196095561854

15054 siradein the Grappler (level 11, -1/111 HPs)
             Began as a Troll Monk on Nov 9, 2021.
             Was a Believer of Ru.
             Slain by a cyan ugly thing (10 damage)
             ... on level 10 of the Dungeon.
             The game lasted 00:34:13 (10093 turns).

siradein the Grappler (Troll Monk)                 Turns: 10093, Time: 00:34:14

Health: -1/111     AC: 13    Str: 27    XL:     11   Next: 96%
Magic:  8/8        EV: 12    Int:  4    God:    Ru [**....]
Gold:   332        SH:  5    Dex: 11    Spells: 10/10 levels left

rFire   + . .      SeeInvis .     - Unarmed
rCold   + . .      Faith    .   (no shield)
rNeg    . . .      Spirit   .   a - +0 robe
rPois   +          Reflect  +   K - +2 hat
rElec   .          Harm     .   H - +2 cloak of Ru's Approval {rPois rF+ Dex-4}
rCorr   .          Rampage  .   (gloves unavailable)
Will    .....                   (boots unavailable)
Stlth   ..........              r - amulet of reflection
HPRegen 1.28/turn               E - +4 ring of protection
MPRegen 0.11/turn               I - +6 ring of strength

@: mighty
A: large, unfitting armour, claws 3, low mp 1, regeneration 1, shaggy fur 1,
tough skin 1, no stealth, no air magic, no summoning magic, no transmutations
magic, antennae 1, cold resistance 1, dopey 1
a: Renounce Religion


You were on level 10 of the Dungeon.
You worshipped Ru.
Ru was pleased with you.
You visited 2 branches of the dungeon, and saw 12 of its levels.

You collected 556 gold pieces.
You spent 224 gold pieces at shops.

Inventory:

Hand Weapons
 f - a +0 giant spiked club
 n - a +1 vorpal flail
 p - a +2 whip of flaming
Missiles
 o - 4 large rocks
 q - a curare-tipped dart
 w - 42 poisoned darts (quivered)
 y - 5 boomerangs
 z - 2 throwing nets
Armour
 a - a +0 robe (worn)
 H - the +2 cloak of Ru's Approval (worn) {rPois rF+ Dex-4}
   (You acquired it on level 6 of the Dungeon)

   Dex:       It affects your dexterity (-4).
   rF:        It protects you from fire.
   rPois:     It protects you from poison.
 K - a +2 hat (worn)
Jewellery
 r - an amulet of reflection (around neck)
 D - a ring of ice
 E - a +4 ring of protection (left claw)
 I - a +6 ring of strength (right claw)
Wands
 t - a wand of iceblast (5)
 J - a wand of acid (8)
 N - a wand of mindburst (11)
Scrolls
 c - a scroll of holy word
 d - a scroll of brand weapon {unknown}
 g - 2 scrolls of enchant weapon
 i - 5 scrolls of teleportation
 l - a scroll of blinking
 u - a scroll of enchant armour
 x - 2 scrolls of acquirement
 F - 2 scrolls of fear
Potions
 b - 4 potions of lignification
 e - 2 potions of haste {unknown}
 h - 2 potions of attraction
 j - 2 potions of curing {unknown}
 k - a potion of mutation
 m - a potion of cancellation {unknown}
 s - 2 potions of flight {unknown}
 v - a potion of heal wounds {unknown}
 A - 2 potions of might
 B - a potion of brilliance {unknown}
 L - a potion of resistance
Miscellaneous
 M - a lightning rod (4/4)


   Skills:
 + Level 8.1 Fighting
 + Level 2.3 Maces & Flails
 + Level 7.0 Throwing
 + Level 8.1 Dodging
 + Level 9.7 Unarmed Combat
 + Level 1.1 Evocations


You had 10 spell levels left.
You didn't know any spells.
Your spell library contained the following spells:

 Spells                   Type           Power      Damage    Failure   Level
 Apportation              Tloc           0%         N/A       50%         1
 Ensorcelled Hibernation  Hex/Ice        0%         N/A       65%         2
 Olgreb's Toxic Radiance  Pois           0%         N/A       99%         4
 Fireball                 Conj/Fire      0%         3d3       100%        5
 Iskenderun's Battlesphe  Conj           0%         2d6       100%        5
 Invisibility             Hex            0%         N/A       100%        6
 Iron Shot                Conj/Erth      0%         9d1       100%        6
 Orb of Destruction       Conj           0%         N/A       100%        7
 Discord                  Hex            0%         N/A       100%        8
 Disjunction              Tloc           0%         N/A       100%        8
 Sting                    Tmut/Pois      Unusable   1d3       N/A         1
 Poisonous Vapours        Pois/Air       Unusable   N/A       N/A         2
 Spider Form              Tmut/Pois      Unusable   N/A       N/A         3
 Alistair's Intoxication  Tmut/Pois      Unusable   N/A       N/A         5
 Conjure Ball Lightning   Conj/Air       Unusable   3x3d6     N/A         6
 Spellforged Servitor     Conj/Summ      Unusable   N/A       N/A         7

Dungeon Overview and Level Annotations

Branches:
Dungeon (11/15)            Temple (1/1) D:5            Lair (0/6) D:9
    Orc (0/2) D:10

Altars:
Ashenzari
Cheibriados
Dithmenos
Elyvilon
Fedhas
Gozag
Hepliaklqana
Kikubaaqudgha
Makhleb
Nemelex Xobeh
Okawaru
Qazlal
Ru
Sif Muna
Trog
Uskayaw
Vehumet
Wu Jian
Xom
Yredelemnul
Zin
The Shining One

Shops:
D:7 (   D:8 [:

Portals:
Ice
Cave: D:11


Innate Abilities, Weirdness & Mutations

You are too large for most types of armour.
You have claws for hands.
Your magical capacity is low. (-10% MP)
Your natural rate of healing is unusually fast.
You are covered in fur. (AC +1)
You have tough skin. (AC +1)
You cannot be stealthy.
You cannot study or cast Air magic.
You cannot study or cast Summoning magic.
You cannot study or cast Transmutations magic.
You have a pair of small antennae on your head.
Your flesh is cold resistant. (rC+)
You are dopey. (Int -2)


Message History

The cyan ugly thing is stunned by your conviction and fails to attack.
You claw the cyan ugly thing!
The cyan ugly thing is lightly wounded.
You block the cyan ugly thing's attack.
You barely miss the cyan ugly thing.
The cyan ugly thing is lightly wounded.
The cyan ugly thing punches you but does no damage.
You claw the cyan ugly thing!
The cyan ugly thing is moderately wounded.
The cyan ugly thing is stunned by your conviction and fails to attack.
You closely miss the cyan ugly thing.
The cyan ugly thing is moderately wounded.
The cyan ugly thing punches you but does no damage.
You barely miss the cyan ugly thing.
The cyan ugly thing is moderately wounded.
You mangle the cyan ugly thing!!
The cyan ugly thing is heavily wounded.
You block the cyan ugly thing's attack.
You barely miss the cyan ugly thing.
The cyan ugly thing is heavily wounded.
The cyan ugly thing punches you but does no damage.
You scratch the cyan ugly thing but do no damage.
The cyan ugly thing is heavily wounded.
The cyan ugly thing punches you! The cyan ugly thing shocks you!
* * * LOW HITPOINT WARNING * * *
You barely miss the cyan ugly thing.
The cyan ugly thing is heavily wounded.
The cyan ugly thing punches you.
* * * LOW HITPOINT WARNING * * *
The cyan ugly thing shocks you!
* * * LOW HITPOINT WARNING * * *
You closely miss the cyan ugly thing.
The cyan ugly thing is heavily wounded.
The cyan ugly thing misses you.
You closely miss the cyan ugly thing. You claw the cyan ugly thing!
The cyan ugly thing is severely wounded.
You closely miss the cyan ugly thing.
The cyan ugly thing is severely wounded.
The cyan ugly thing punches you!
You die...

..## ##.....##.## ###....### ..#
#.....###.### ####.... ..#
#.≈≈........# #########' ..#
#..⌠≈.......# #......... ..#
#.≈.≈.......# #.........
..####...........# #####.........
..##.'...........###...'.........
..'..#...........u...###.........
..####..........@##### #.........
..# #...........# #####'#### ..#
#...........# ##.# ###
#########'### #..# ##.).#
######'##### ## #.>###
#........... .# #(## #...........
.###### ##'##### ###...........
.'....# #......####[)...........


You could see a cyan ugly thing.

Vanquished Creatures
  4 two-headed ogres
  Pikel (D:3)
  An orc sorcerer (D:10)
  A cyclops (D:10)
  Psyche (D:8)
  A troll (D:10)
  Prince Ribbit (D:6)
  3 shadows
  2 vampires (D:9)
  Sigmund (D:4)
  A wyvern (D:10)
  27 yaks
  A steam dragon (D:8)
  Edmund (D:3)
  3 water moccasins
  5 ice beasts
  4 orc warriors
  A sky beast (D:6)
  A hornet zombie (D:9)
  2 black bears
  2 necrophages
  An ogre (D:7)
  7 centaurs
  8 bullfrogs
  2 kobold brigands
  A wyvern zombie (D:8)
  5 scorpions
  2 gnoll sergeants
  2 troll zombies (D:10)
  4 wights (D:10)
  14 killer bees
  A vampire bat (D:9)
  2 howler monkeys
  2 centaur zombies
  A hound (D:5)
  6 orc priests
  An iguana (D:7)
  A scorpion zombie (D:5)
  6 orc wizards
  2 killer bee zombies
  6 ogre zombies (D:10)
  A hound skeleton (D:4)
  2 howler monkey zombies
  Robin (D:4)
  5 gnolls
  8 adders
  2 shadow imps
  A white imp (D:7)
  An ufetubus (D:6)
  3 worms
  2 dart slugs (D:4)
  32 orcs
  3 bat skeletons (D:9)
  3 bat zombies (D:9)
  9 endoplasms
  3 giant cockroaches
  12 goblins
  12 hobgoblins
  7 jackals
  4 quokkas
  7 ball pythons
  6 bats
  4 frilled lizards
  3 goblin skeletons (D:10)
  5 goblin zombies (D:10)
  9 kobolds
  3 orc skeletons (D:10)
  13 orc zombies (D:10)
  5 rats
304 creatures vanquished.

Vanquished Creatures (others)
  A hydra (D:10)
  A goblin zombie (D:10)
  22 fungi (D:9)
  31 plants (D:9)
55 creatures vanquished.

Grand Total: 359 creatures vanquished

Notes
Turn   | Place    | Note
-------+----------+-------------------------------------------
     0 | D:1      | siradein the Troll Monk began the quest for the Orb.
     0 | D:1      | Reached XP level 1. HP: 22/22 MP: 0/0
   209 | D:1      | Reached XP level 2. HP: 29/29 MP: 1/1
   840 | D:2      | Found a faded altar of an unknown god.
   893 | D:2      | Reached XP level 3. HP: 36/36 MP: 2/2
  1641 | D:3      | Reached XP level 4. HP: 44/44 MP: 3/3
  1821 | D:3      | Found a shimmering blue altar of Sif Muna.
  1821 | D:3      | Found a glowing golden altar of the Shining One.
  2123 | D:4      | Noticed Edmund
  2126 | D:4      | Noticed a lemure
  2246 | D:3      | Killed Edmund
  2247 | D:3      | Reached skill level 4 in Unarmed Combat
  2247 | D:3      | Reached XP level 5. HP: 26/53 MP: 4/4
  2428 | D:4      | Found an ornate altar of the Wu Jian Council.
  2483 | D:4      | Noticed Pikel
  2488 | D:4      | Noticed a lemure
  2517 | D:4      | Noticed a lemure
  2530 | D:4      | Noticed a lemure
  2614 | D:3      | Killed Pikel
  2615 | D:3      | Reached skill level 5 in Unarmed Combat
  2615 | D:3      | Reached XP level 6. HP: 35/62 MP: 5/5
  2615 | D:3      | Reached XP level 7. HP: 39/70 MP: 6/6
  2697 | D:4      | Noticed Robin
  2728 | D:4      | Killed Robin
  2984 | D:4      | Noticed Sigmund
  3004 | D:4      | Killed Sigmund
  3172 | D:4      | Reached XP level 8. HP: 79/79 MP: 7/7
  3435 | D:5      | Entered Level 5 of the Dungeon
  3465 | D:5      | Found a staircase to the Ecumenical Temple.
  3487 | Temple   | Entered the Ecumenical Temple
  3608 | Temple   | Became a worshipper of Ru the Awakened
  3617 | Temple   | Gained mutation: You cannot study or cast Air magic. [Ru
                  | sacrifice]
  3617 | Temple   | Gained mutation: You cannot study or cast Transmutations
                  | magic. [Ru sacrifice]
  3617 | Temple   | Gained mutation: You cannot study or cast Summoning magic.
                  | [Ru sacrifice]
  3617 | Temple   | Reached * piety under Ru
  3806 | D:5      | Found a white marble altar of Elyvilon.
  4061 | D:5      | Reached skill level 1 in Throwing
  4061 | D:5      | Found an iron altar of Okawaru.
  4310 | D:5      | Reached skill level 5 in Fighting
  4310 | D:5      | Reached skill level 5 in Dodging
  4310 | D:5      | Reached skill level 6 in Unarmed Combat
  4702 | D:6      | Noticed Prince Ribbit
  4715 | D:6      | Killed Prince Ribbit
  4716 | D:6      | Reached XP level 9. HP: 64/88 MP: 8/8
  5217 | D:6      | Reached skill level 7 in Unarmed Combat
  5415 | D:6      | Identified 3 scrolls of acquirement
  5415 | D:6      | Acquired the +2 cloak of Ru's Approval {rPois rF+ Dex-4}
  5581 | D:7      | Found Suh Zeta's Antique Weapon Shop.
  5609 | D:7      | Found a hide-covered altar of Uskayaw.
  5662 | D:7      | Found a shimmering altar of Xom.
  5662 | D:7      | Found a shimmering altar of Xom.
  5882 | D:7      | Gained mutation: Your magical capacity is low. (-10% MP)
                  | [Ru sacrifice]
  5913 | D:7      | Reached XP level 10. HP: 90/98 MP: 8/8
  6051 | D:7      | Found a glowing silver altar of Zin.
  6263 | D:7      | Found a shimmering altar of Xom.
  6703 | D:8      | Found Laucyfio's Book Boutique.
  6703 | D:8      | Noticed a two-headed ogre
  6710 | D:8      | Killed a two-headed ogre
  6993 | D:8      | Noticed a two-headed ogre
  7035 | D:8      | Killed a two-headed ogre
  7036 | D:8      | Reached skill level 8 in Unarmed Combat
  7070 | D:8      | Found Cich's Armour Emporium.
  7079 | D:8      | Bought a +2 hat for 224 gold pieces
  7091 | D:8      | Found a stormy altar of Qazlal.
  7121 | D:8      | Found a shadowy altar of Dithmenos.
  7131 | D:8      | Found an opulent altar of Gozag.
  7176 | D:8      | Reached skill level 5 in Throwing
  7230 | D:8      | Reached skill level 5 in Stealth
  7481 | D:8      | Found a bloodstained altar of Trog.
  7593 | D:8      | Noticed Psyche
  7605 | D:8      | Killed Psyche
  7796 | D:8      | Gained mutation: Your flesh is cold resistant. (rC+)
                  | [potion of mutation]
  7796 | D:8      | Gained mutation: You are dopey. (Int -2) [potion of
                  | mutation]
  7796 | D:8      | Gained mutation: You have a pair of small antennae on your
                  | head. [potion of mutation]
  8120 | D:9      | Reached XP level 11. HP: 109/109 MP: 8/8
  8310 | D:9      | Gained mutation: You cannot be stealthy. [Ru sacrifice]
  8310 | D:9      | Reached ** piety under Ru
  8325 | D:9      | Found an ancient bone altar of Kikubaaqudgha.
  8500 | D:9      | Found a staircase to the Lair.
  8685 | D:9      | Reached skill level 9 in Unarmed Combat
  8935 | D:10     | Entered Level 10 of the Dungeon
  8979 | D:10     | Noticed a two-headed ogre
  9010 | D:10     | Killed a two-headed ogre
  9195 | D:10     | Identified the +1 plate armour of Circular Logic {Int+4}
  9216 | D:10     | Noticed an orc sorcerer
  9233 | D:10     | Killed an orc sorcerer
  9234 | D:10     | Reached skill level 1 in Maces & Flails
  9386 | D:10     | Found a staircase to the Orcish Mines.
  9850 | D:11     | Noticed a two-headed ogre
  9869 | D:11     | Found a frozen archway.
  9937 | D:10     | Killed a two-headed ogre
  9964 | D:11     | Noticed a five-headed hydra
  9967 | D:11     | Noticed a cyan ugly thing
  9989 | D:10     | Killed a five-headed hydra
  9990 | D:10     | Reached skill level 1 in Evocations
 10093 | D:10     | Slain by a cyan ugly thing

Illustrated notes

Levels and vault maps discovered:
D:1:      dpeg_arrival_another_circle, layout_loops_ring, minivault_19
D:2:      layout_rooms, basic_ecumenical_altar, serial_forest,
          infiniplex_forest_lined_room_3, infiniplex_forest_lined_1,
          infiniplex_forest_end_2, infiniplex_forest_lined_1,
          infiniplex_forest_clump_cross, infiniplex_forest_straight_1,
          infiniplex_forest_lined_3, infiniplex_forest_end_3,
          infiniplex_forest_lined_corner
D:3:      layout_loops_ring, gammafunk_temple_overflow_elements, minmay_bisected
D:4:      minmay_chambers_of_fours, layout_cave_pools,
          pdpol_wu_jian_five_deadly_venoms, serial_co_window_serial,
          co_window_paths_b, co_window_paths_b, co_window_corner_a,
          co_window_corner_a, co_window_cross_1, co_window_cross_1,
          co_window_of_opportunity_c, co_window_corner_b, co_window_broadway_c,
          co_window_paths_c, glass_columns_c, glass_columns_b, glass_columns_a,
          glass_columns_b, sigmund_army, uniq_pikel, uniq_edmund, uniq_robin
D:5:      layout_loops_ring, mainiacjoe_overflow_alcove_2,
          kennysheep_okawaru_gauntlet, minmay_temple_entry_statues_fountains,
          lightli_minifort
D:6:      layout_basic, centaur_isle, uniq_prince_ribbit1
D:7:      layout_basic, zin_statuary, mainiacjoe_overflow_boulevard,
          xom_redecorated, serial_shops, nicolae_take_the_stairs,
          serial_aquarium, aquarium_bridge_long_joined
          [aquarium_subvault_window, aquarium_subvault_bridge,
          aquarium_subvault_bridge, aquarium_subvault_wall,
          aquarium_subvault_wall, aquarium_subvault_bridge],
          aquarium_bridge_square [aquarium_subvault_bridge,
          aquarium_subvault_bridge, aquarium_subvault_wall,
          aquarium_subvault_wall], aquarium_window_1,
          aquarium_window_corridor_3, aquarium_window_1, aquarium_window_fake,
          aquarium_view_2b, aquarium_view_2b, aquarium_balcony_5a,
          aquarium_pool_2, chequers_serial_rivers_small_a
D:8:      layout_gridville, amcnicky_altar_gilded,
          mainiacjoe_overflow_catch_the_wave, lemuel_crystal_altar,
          serial_shops, nicolae_shop_trees, shop, nrook_campfire,
          grunt_ministairs_14, uniq_psyche
D:9:      layout_roguey, kennysheep_vampire_church, due_lair_maze_entry_diamond
D:10:     layout_roguey, zombieorc2_lemuel, grunt_ministairs_1,
          corexii_leaking_fountain
D:11:     minmay_the_grid_square_5x5_4x4_mashed
          [minmay_the_grid_square_5x5_six_small,
          minmay_the_grid_square_5x5_misaligned, minmay_the_grid_square_5x5_tie,
          minmay_the_grid_square_5x5_three, minmay_the_grid_square_5x5_moneybag,
          minmay_the_grid_square_5x5_prize_open,
          minmay_the_grid_square_5x5_prize_waves,
          minmay_the_grid_square_5x5_eight,
          minmay_the_grid_square_5x5_two_small,
          minmay_the_grid_square_5x5_prize_open,
          minmay_the_grid_square_5x5_prize_gold, minmay_the_grid_square_5x5_z,
          minmay_the_grid_square_5x5_three_walls,
          minmay_the_grid_square_5x5_half_checkered,
          minmay_the_grid_square_5x5_v, minmay_the_grid_square_5x5_plus],
          layout_rooms, portal_ice_cave_entry_pillars_1,
          nemelex_lonely_heart_becter, uniq_harold
Temple:   nicolae_temple_figure_zero

Skill      XL: |  1  2  3  4  5  6  7  8  9 10 11 |
---------------+----------------------------------+-----
Fighting       | 3 4 5 6 7 8 |  8.1
Dodging        | 3 4 5 6 7 8 |  8.1
Stealth        | 2 3 4 5 0 |  0.0
Unarmed Combat | 4 5 6 7 8 9 |  9.7
Throwing       | 2 4 5 7 |  7.0
Maces & Flails | 2 |  2.3
Evocations     | 1 |  1.1

Action                   |  1- 3 |  4- 6 |  7- 9 | 10-12 || total
-------------------------+-------+-------+-------+-------++-------
Melee: Unarmed           |   110 |    72 |   264 |   565 ||  1011
       Punch             |     3 |       |    11 |    21 ||    35
       Giant spiked club |       |       |       |     2 ||     2
Throw: Boomerang         |       |       |     2 |       ||     2
       Dart              |       |       |       |    17 ||    17
Invok: Sacrifice Arcana  |       |       |     1 |       ||     1
       Sacrifice Essence |       |       |     1 |       ||     1
       Sacrifice Stealth |       |       |       |     1 ||     1
  Use: Scroll            |       |       |     2 |    13 ||    15
       Potion            |       |       |       |     2 ||     2
 Stab: Sleeping          |     6 |     1 |     5 |     2 ||    14
       Distracted        |       |       |     1 |     1 ||     2
Armor: Robe              |    36 |    12 |    59 |   177 ||   284
Dodge: Dodged            |    49 |    41 |   130 |   255 ||   475
Block: Other             |       |       |    28 |   109 ||   137
       Reflection        |       |       |     4 |     4 ||     8

Table legend: (Time is in decaauts)
 A = Elapsed time spent in this place.
 B = Non-inter-level travel time spent in this place.
 C = Inter-level travel time spent in this place.
 D = Time resting spent in this place.
 E = Time spent auto-exploring this place.
 F = Levels seen in this place.
 G = Mean time per level.
                   A        B        C        D        E       F      G
               +--------+--------+--------+--------+--------+-----+--------+
         Total |   9958 |   9670 |    288 |    253 |   6442 |  12 |  829.8 |
       Dungeon |   9824 |   9536 |    288 |    253 |   6324 |  11 |  893.1 |
        Temple |    133 |    133 |      0 |      0 |    118 |   1 |  133.0 |
               +--------+--------+--------+--------+--------+-----+--------+

Top non-repeatable levels by time:
     D:8: 1347 daAuts
     D:4: 1239 daAuts
     D:9: 1082 daAuts
    D:10: 1032 daAuts
     D:5: 1026 daAuts
     D:7: 944 daAuts
     D:6: 885 daAuts
     D:3: 818 daAuts
     D:1: 763 daAuts
     D:2: 598 daAuts
  Temple: 133 daAuts
    D:11: 85 daAuts
